| TOP OF THE 1ST |
|
Greeneville Astros batting - Pitching for Great Falls Voyagers : RHP Ryan Burson
|
|
Pitching: RHP Ryan Burson
|
|
|
Batting: RHB John Moore
|
0-0: Ball 1-0: Fly out, F8 (Flyball, 8LM, EV 86.2 MPH)
|
|
Batting: RHB Areda Obote
|
0-0: Fly out, F8 (Flyball, 8RM, EV 88.8 MPH)
|
|
Batting: RHB Juan Mendoza
|
0-0: Called Strike 0-1: Foul Ball, location: 2F 0-2: Ball 1-2: Ball 2-2: DOUBLE (Groundball, 5L, EV 96.9 MPH)
|
|
Batting: LHB Lou Toth
|
0-0: Called Strike 0-1: Foul Ball, location: 2F 0-2: Strikes out looking
|
| Top of the 1st over - 0 runs, 1 hit, 0 errors, 1 left on base; Greeneville 0 - Great Falls 0 |
| BOTTOM OF THE 1ST |
|
Great Falls Voyagers batting - Pitching for Greeneville Astros : RHP Tony Barrios
|
|
Pitching: RHP Tony Barrios
|
|
|
Batting: RHB Andy Cotton
|
0-0: Foul Ball, location: 2F 0-1: Called Strike 0-2: Hit by Pitch
|
|
Batting: RHB Enrique Gomez
|
0-0: Ball 1-0: Called Strike 1-1: Grounds into double play, 6-4-3 (Groundball, 6, EV 103.8 MPH)
|
|
Batting: SHB Rob Haney
|
0-0: Ball 1-0: Called Strike 1-1: Fly out, F9 (Flyball, 9, EV 71.2 MPH)
|
| Bottom of the 1st over - 0 runs, 0 hits, 0 errors, 0 left on base; Greeneville 0 - Great Falls 0 |
| TOP OF THE 2ND |
|
Greeneville Astros batting - Pitching for Great Falls Voyagers : RHP Ryan Burson
|
|
Batting: RHB Roger Pelley
|
0-0: Ball 1-0: Swinging Strike 1-1: Called Strike 1-2: Strikes out swinging
|
|
Batting: SHB Terciero Ortiz
|
0-0: Ball 1-0: Called Strike 1-1: Ball 2-1: Swinging Strike 2-2: Strikes out swinging
|
|
Batting: LHB Guadalupe Gonzalez
|
0-0: Ball 1-0: DOUBLE (Line Drive, 7LM, EV 104.4 MPH)
|
|
Batting: RHB Josh Reisner
|
0-0: Called Strike 0-1: Fly out, F3 (Popup, 34, EV 82.5 MPH)
|
| Top of the 2nd over - 0 runs, 1 hit, 0 errors, 1 left on base; Greeneville 0 - Great Falls 0 |
| BOTTOM OF THE 2ND |
|
Great Falls Voyagers batting - Pitching for Greeneville Astros : RHP Tony Barrios
|
|
Batting: RHB Billy Grubbs
|
0-0: Ball 1-0: Foul Ball, location: 2F 1-1: Swinging Strike 1-2: Strikes out swinging
|
|
Batting: RHB Mitch Cuadros
|
0-0: Ball 1-0: Ball 2-0: Ball 3-0: Called Strike 3-1: SINGLE (Groundball, 56D, EV 102.5 MPH)
|
|
Batting: RHB Brad Adams Jr.
|
0-0: Foul Ball, location: 2F 0-1: Ball 1-1: Ball 2-1: Ball 3-1: Base on Balls Mitch Cuadros to second
|
|
Batting: RHB David Laureano
|
0-0: Ball 1-0: Ball 2-0: Grounds into double play, 4-6-3 (Groundball, 4, EV 104.4 MPH)
|
| Bottom of the 2nd over - 0 runs, 1 hit, 0 errors, 1 left on base; Greeneville 0 - Great Falls 0 |
| TOP OF THE 3RD |
|
Greeneville Astros batting - Pitching for Great Falls Voyagers : RHP Ryan Burson
|
|
Batting: RHB Domingas Saragoa
|
0-0: Ball 1-0: Swinging Strike 1-1: Foul Ball, location: 2F 1-2: Strikes out swinging
|
|
Pitching: RHP Mark Fedor
|
|
|
Batting: RHB John Moore
|
0-0: Called Strike 0-1: Ball 1-1: DOUBLE (Groundball, 3L, EV 103.8 MPH)
|
|
Batting: RHB Areda Obote
|
0-0: Swinging Strike 0-1: Ball 1-1: Ball 2-1: Foul Ball, location: 2F 2-2: Ball Passed Ball! John Moore to third 3-2: Base on Balls
|
|
Batting: RHB Juan Mendoza
|
0-0: Foul Ball, location: 2F 0-1: Ball 1-1: Ball 2-1: Foul Ball, location: 2F 2-2: Grounds into double play, 5-4-3 (Groundball, 56S, EV 91.9 MPH)
|
| Top of the 3rd over - 0 runs, 1 hit, 0 errors, 1 left on base; Greeneville 0 - Great Falls 0 |
| BOTTOM OF THE 3RD |
|
Great Falls Voyagers batting - Pitching for Greeneville Astros : RHP Tony Barrios
|
|
Batting: LHB Jose Pereyra
|
0-0: Foul Ball, location: 2F 0-1: Ball 1-1: Swinging Strike 1-2: Ball 2-2: Strikes out swinging
|
|
Batting: RHB David Cortez
|
0-0: Foul Ball, location: 2F 0-1: Called Strike 0-2: SINGLE (Groundball, 4S, EV 73.8 MPH) (infield hit)
|
|
Batting: RHB Andy Cotton
|
0-0: Foul Ball, location: 2F 0-1: Swinging Strike 0-2: Ball 1-2: Foul Ball, location: 2F 1-2: Foul Ball, location: 2F 1-2: Foul Ball, location: 2F 1-2: Ball 2-2: Hit by Pitch David Cortez to second
|
|
Batting: RHB Enrique Gomez
|
0-0: Ball 1-0: Foul Ball, location: 2F 1-1: SINGLE (Groundball, 6M, EV 86.2 MPH) (infield hit) David Cortez to third Andy Cotton to second
|
|
Batting: SHB Rob Haney
|
0-0: Called Strike 0-1: Ball 1-1: Ball 2-1: Foul Ball, location: 2F 2-2: Strikes out swinging
|
|
Batting: RHB Billy Grubbs
|
0-0: Ball 1-0: Foul Ball, location: 2F 1-1: Swinging Strike 1-2: Ball 2-2: Strikes out swinging
|
| Bottom of the 3rd over - 0 runs, 2 hits, 0 errors, 3 left on base; Greeneville 0 - Great Falls 0 |
| TOP OF THE 4TH |
|
Greeneville Astros batting - Pitching for Great Falls Voyagers : RHP Mark Fedor
|
|
Batting: LHB Lou Toth
|
0-0: Called Strike 0-1: Ball 1-1: Called Strike 1-2: Fly out, F8 (Flyball, 78M, EV 85.0 MPH)
|
|
Batting: RHB Roger Pelley
|
0-0: Called Strike 0-1: Fly out, F3 (Popup, 3F, EV 68.1 MPH)
|
|
Batting: SHB Terciero Ortiz
|
0-0: Called Strike 0-1: Ball 1-1: Fly out, F9 (Flyball, 89M, EV 86.2 MPH)
|
| Top of the 4th over - 0 runs, 0 hits, 0 errors, 0 left on base; Greeneville 0 - Great Falls 0 |
| BOTTOM OF THE 4TH |
|
Great Falls Voyagers batting - Pitching for Greeneville Astros : RHP Tony Barrios
|
|
Batting: RHB Mitch Cuadros
|
0-0: Ground out 5-3 (Groundball, 5, EV 106.2 MPH)
|
|
Batting: RHB Brad Adams Jr.
|
0-0: Called Strike 0-1: Ball 1-1: SINGLE (Line Drive, 9S, EV 113.1 MPH)
|
|
Batting: RHB David Laureano
|
0-0: Ball 1-0: Foul Ball, location: 2F 1-1: Swinging Strike 1-2: Ball 2-2: Ball 3-2: Base on Balls Brad Adams Jr. to second
|
|
Batting: LHB Jose Pereyra
|
0-0: Foul Ball, location: 2F 0-1: Ball 1-1: Ball 2-1: Ball 3-1: DOUBLE (Line Drive, 9LM, EV 95.6 MPH) Brad Adams Jr. scores David Laureano to third
|
|
Batting: RHB David Cortez
|
0-0: Ball 1-0: Ground out 5-3 (Groundball, 56, EV 97.5 MPH) David Laureano scores
|
|
Batting: RHB Andy Cotton
|
0-0: Ground out U3 (Groundball, 34S, EV 86.2 MPH)
|
| Bottom of the 4th over - 2 runs, 2 hits, 0 errors, 1 left on base; Greeneville 0 - Great Falls 2 |
| TOP OF THE 5TH |
|
Greeneville Astros batting - Pitching for Great Falls Voyagers : RHP Mark Fedor
|
|
Batting: LHB Guadalupe Gonzalez
|
0-0: Ball 1-0: Ball 2-0: Ball 3-0: Called Strike 3-1: Base on Balls
|
|
Pinch Hitting: RHB Hugo Priego
|
0-0: Called Strike Guadalupe Gonzalez steals 2nd base 0-1: Ball 1-1: Ball 2-1: Called Strike 2-2: DOUBLE (Line Drive, 7LS, EV 97.5 MPH) Guadalupe Gonzalez scores
|
|
Batting: RHB Domingas Saragoa
|
0-0: Called Strike 0-1: Ball 1-1: Ball 2-1: Called Strike 2-2: Strikes out swinging
|
|
Batting: RHB John Moore
|
0-0: Foul Ball, location: 2F 0-1: Ball 1-1: Foul Ball, location: 2F 1-2: Ground out 4-3 (Groundball, 4, EV 78.1 MPH) Hugo Priego to third
|
|
Batting: RHB Areda Obote
|
0-0: Ball 1-0: Ball 2-0: Ball 3-0: Called Strike 3-1: Foul Ball, location: 2F 3-2: DOUBLE (Flyball, 78D, EV 107.5 MPH) Hugo Priego scores
|
|
Batting: RHB Juan Mendoza
|
0-0: Swinging Strike 0-1: Foul Ball, location: 2F 0-2: Foul Ball, location: 2F 0-2: Ball 1-2: Foul Ball, location: 2F 1-2: Ball 2-2: Foul Ball, location: 2F 2-2: Ground out U3 (Groundball, 3S, EV 93.1 MPH)
|
| Top of the 5th over - 2 runs, 2 hits, 0 errors, 1 left on base; Greeneville 2 - Great Falls 2 |
| BOTTOM OF THE 5TH |
|
Great Falls Voyagers batting - Pitching for Greeneville Astros : RHP Tony Barrios
|
|
Now at 2B: Hugo Priego
|
|
|
Batting: RHB Enrique Gomez
|
0-0: Ball 1-0: Ball 2-0: Ball 3-0: Called Strike 3-1: Called Strike 3-2: Foul Ball, location: 2F 3-2: Strikes out swinging
|
|
Pitching: RHP Tim Evans
|
|
|
Batting: SHB Rob Haney
|
0-0: Called Strike 0-1: Swinging Strike 0-2: Strikes out swinging
|
|
Batting: RHB Billy Grubbs
|
0-0: Ball 1-0: Ball 2-0: Foul Ball, location: 2F 2-1: Ball 3-1: Ground out 6-3 (Groundball, 6, EV 85.0 MPH)
|
| Bottom of the 5th over - 0 runs, 0 hits, 0 errors, 0 left on base; Greeneville 2 - Great Falls 2 |
| TOP OF THE 6TH |
|
Greeneville Astros batting - Pitching for Great Falls Voyagers : RHP Mark Fedor
|
|
Batting: LHB Lou Toth
|
0-0: Ball 1-0: Foul Ball, location: 2F 1-1: Ball 2-1: Swinging Strike 2-2: Foul Ball, location: 2F 2-2: Foul Ball, location: 2F 2-2: Foul Ball, location: 2F 2-2: Fly out, F7 (Flyball, 78M, EV 92.5 MPH)
|
|
Batting: RHB Roger Pelley
|
0-0: Ball 1-0: Ball 2-0: Called Strike 2-1: Ball 3-1: Foul Ball, location: 2F 3-2: Base on Balls
|
|
Pitching: LHP James Reynolds
|
|
|
Batting: SHB Terciero Ortiz
|
0-0: Ball 1-0: Called Strike 1-1: Foul Ball, location: 2F 1-2: Strikes out looking
|
|
Batting: LHB Guadalupe Gonzalez
|
0-0: Ball 1-0: Foul Ball, location: 2F 1-1: Ground out 6-3 (Groundball, P, EV 81.9 MPH)
|
| Top of the 6th over - 0 runs, 0 hits, 0 errors, 1 left on base; Greeneville 2 - Great Falls 2 |
| BOTTOM OF THE 6TH |
|
Great Falls Voyagers batting - Pitching for Greeneville Astros : RHP Tim Evans
|
|
Batting: RHB Mitch Cuadros
|
0-0: Ball 1-0: Ball 2-0: Called Strike 2-1: Ball 3-1: Called Strike 3-2: Base on Balls
|
|
Batting: RHB Brad Adams Jr.
|
0-0: Ball 1-0: Ball 2-0: Ball 3-0: Base on Balls Mitch Cuadros to second
|
|
Batting: RHB David Laureano
|
0-0: Ball 1-0: Ball 2-0: Ball 3-0: Base on Balls Mitch Cuadros to third Brad Adams Jr. to second
|
|
Pitching: RHP Vinny Salazar
|
|
|
Batting: LHB Jose Pereyra
|
0-0: Ball 1-0: Swinging Strike 1-1: Fly out, F9 (Flyball, 9, EV 90.6 MPH)
|
|
Batting: RHB David Cortez
|
0-0: Called Strike 0-1: Swinging Strike 0-2: Ball 1-2: Strikes out swinging
|
|
Batting: RHB Andy Cotton
|
0-0: Ball Passed Ball! Mitch Cuadros scores Brad Adams Jr. to third David Laureano to second 1-0: Called Strike 1-1: Called Strike 1-2: Foul Ball, location: 2F 1-2: Foul Ball, location: 2F 1-2: Ball Wild Pitch! Brad Adams Jr. scores David Laureano to third 2-2: Ball 3-2: DOUBLE (Groundball, 5L, EV 101.2 MPH) David Laureano scores
|
|
Batting: RHB Enrique Gomez
|
0-0: Called Strike 0-1: Ball 1-1: Ball Wild Pitch! Andy Cotton to third 2-1: Fly out, F3 (Popup, 3S, EV 75.6 MPH)
|
| Bottom of the 6th over - 3 runs, 1 hit, 0 errors, 1 left on base; Greeneville 2 - Great Falls 5 |
| TOP OF THE 7TH |
|
Greeneville Astros batting - Pitching for Great Falls Voyagers : LHP James Reynolds
|
|
Batting: RHB Hugo Priego
|
0-0: Fly out, F7 (Flyball, 7S, EV 86.9 MPH)
|
|
Batting: RHB Domingas Saragoa
|
0-0: Ball 1-0: Ball 2-0: Foul Ball, location: 2F 2-1: Ball 3-1: Base on Balls
|
|
Batting: RHB John Moore
|
0-0: Ball 1-0: Foul Ball, location: 2F 1-1: Ball 2-1: Foul Ball, location: 2F 2-2: Strikes out swinging
|
|
Batting: RHB Areda Obote
|
0-0: Foul Ball, location: 2F 0-1: Swinging Strike 0-2: Ball 1-2: Ball 2-2: Foul Ball, location: 2F 2-2: Ball 3-2: Base on Balls Domingas Saragoa to second
|
|
Batting: RHB Juan Mendoza
|
0-0: Called Strike 0-1: Foul Ball, location: 2F 0-2: Ball 1-2: Fly out, F8 (Flyball, 8RS, EV 92.5 MPH)
|
| Top of the 7th over - 0 runs, 0 hits, 0 errors, 2 left on base; Greeneville 2 - Great Falls 5 |
| BOTTOM OF THE 7TH |
|
Great Falls Voyagers batting - Pitching for Greeneville Astros : RHP Vinny Salazar
|
|
Batting: SHB Rob Haney
|
0-0: Ball 1-0: Ball 2-0: Foul Ball, location: 2F 2-1: Called Strike 2-2: Fly out, F9 (Flyball, 9S, EV 91.9 MPH)
|
|
Batting: RHB Billy Grubbs
|
0-0: Ball 1-0: Ball 2-0: Ball 3-0: Base on Balls
|
|
Pitching: RHP Ernie Bell
|
|
|
Batting: RHB Mitch Cuadros
|
0-0: Ball 1-0: Ball 2-0: Foul Ball, location: 2F 2-1: Ball 3-1: Grounds into double play, 6-4-3 (Groundball, 6, EV 88.8 MPH)
|
| Bottom of the 7th over - 0 runs, 0 hits, 0 errors, 0 left on base; Greeneville 2 - Great Falls 5 |
| TOP OF THE 8TH |
|
Greeneville Astros batting - Pitching for Great Falls Voyagers : LHP James Reynolds
|
|
Batting: LHB Lou Toth
|
0-0: Ball 1-0: Swinging Strike 1-1: Fly out, F8 (Flyball, 78M, EV 91.2 MPH)
|
|
Batting: RHB Roger Pelley
|
0-0: Foul Ball, location: 2F 0-1: Ball 1-1: Ball 2-1: Ball 3-1: Base on Balls
|
|
Pitching: LHP Miguel Moreno
|
|
|
Batting: SHB Terciero Ortiz
|
0-0: Foul Ball, location: 2F 0-1: Ball 1-1: Ball 2-1: Swinging Strike 2-2: Strikes out swinging
|
|
Batting: LHB Guadalupe Gonzalez
|
0-0: Fielders Choice at 2nd, 6-4 (Groundball, 6, EV 87.5 MPH)
|
| Top of the 8th over - 0 runs, 0 hits, 0 errors, 1 left on base; Greeneville 2 - Great Falls 5 |
| BOTTOM OF THE 8TH |
|
Great Falls Voyagers batting - Pitching for Greeneville Astros : RHP Ernie Bell
|
|
Batting: RHB Brad Adams Jr.
|
0-0: Swinging Strike 0-1: Ball 1-1: Foul Ball, location: 2F 1-2: Strikes out swinging
|
|
Batting: RHB David Laureano
|
0-0: Called Strike 0-1: Ball 1-1: Called Strike 1-2: Ball 2-2: Ball 3-2: Base on Balls
|
|
Batting: LHB Jose Pereyra
|
0-0: Ball 1-0: Ball 2-0: Called Strike 2-1: Ball 3-1: Base on Balls David Laureano to second
|
|
Pitching: RHP Max Warburton
|
|
|
Batting: RHB David Cortez
|
0-0: Called Strike 0-1: DOUBLE (Line Drive, 89M, EV 100.6 MPH) David Laureano scores Jose Pereyra to third
|
|
Batting: RHB Andy Cotton
|
0-0: Ball 1-0: Foul Ball, location: 2F 1-1: Ball 2-1: Swinging Strike 2-2: Hit by Pitch
|
|
Batting: RHB Enrique Gomez
|
0-0: SINGLE (Flyball, 7, EV 80.0 MPH) Jose Pereyra scores David Cortez to third Andy Cotton to second
|
|
Batting: SHB Rob Haney
|
0-0: Called Strike 0-1: Swinging Strike 0-2: Ball 1-2: Ball 2-2: Strikes out swinging
|
|
Batting: RHB Billy Grubbs
|
0-0: Called Strike 0-1: Swinging Strike 0-2: SINGLE (Groundball, 6D, EV 106.9 MPH) David Cortez scores Andy Cotton to third Enrique Gomez to second Runner from 3rd tries for Home, throw by CF and OUT! 8-2
|
| Bottom of the 8th over - 3 runs, 3 hits, 0 errors, 2 left on base; Greeneville 2 - Great Falls 8 |
| TOP OF THE 9TH |
|
Greeneville Astros batting - Pitching for Great Falls Voyagers : LHP Miguel Moreno
|
|
Batting: RHB Hugo Priego
|
0-0: Ball 1-0: Fly out, F5 (Popup, 56, EV 81.2 MPH)
|
|
Pinch Hitting: RHB Jason Monico
|
0-0: Ball 1-0: Foul Ball, location: 2F 1-1: Foul Ball, location: 2F 1-2: Strikes out looking
|
|
Batting: RHB John Moore
|
0-0: Ball 1-0: Swinging Strike 1-1: Swinging Strike 1-2: Strikes out swinging
|
| Top of the 9th over - 0 runs, 0 hits, 0 errors, 0 left on base; Greeneville 2 - Great Falls 8 |
|